 Dungeon Sprint DCSS version 0.19.0-20-gbc5f0c6 (webtiles) character file.

934 equalderp2856 the Gouger (level 7, -3/36 HPs)
             Began as a Felid Fighter on Nov 18, 2016.
             Killed from afar by a hell hog (39 damage)
             ... with a fireball
             ... in the Dungeon (Sprint VII: "The Pits").
             The game lasted 00:04:20 (1210 turns).

equalderp2856 the Gouger (Felid Fighter)            Turns: 1210, Time: 00:04:21

Health: -3/36      AC:  2    Str: 16    XL:     7   Next: 86%
Magic:  8/8        EV: 29    Int: 10    God:
Gold:   0          SH:  0    Dex: 19    Spells: 0 memorised, 6 levels left
                                        Lives:  0   Deaths: 2

rFire  . . .     SeeInvis +       - Unarmed
rCold  . . .     Gourm    .     (armour unavailable)
rNeg   . . .     Faith    .     (shield unavailable)
rPois  .         Spirit   .     (helmet unavailable)
rElec  .         Reflect  .     (cloak unavailable)
rCorr  .         Harm     .     (gloves unavailable)
MR     +....     NoTele   +     (boots unavailable)
Stlth  +++++.....               (no amulet)
                                j - +3 ring of dexterity
                                i - +3 ring of strength

@: quick
A: no armour, no weapons or thrown items, stealth, claws 1, fangs 3, see
invisible, carnivore 3, speed 1, shaggy fur 2, slow metabolism 1, sharp paws
a: no special abilities


You were in the Dungeon.
You were not hungry.

You visited 1 branch

Inventory:

Jewellery
 i - a +3 ring of strength (left paw)
 j - a +3 ring of dexterity (right paw)
Scrolls
 h - a scroll of blinking
 n - 3 scrolls of remove curse
 o - 5 scrolls of amnesia
 p - a scroll of summoning
Potions
 a - a potion of might
 c - 6 potions of curing
 d - 8 potions of heal wounds
 e - 3 potions of haste
 f - 4 potions of magic
 g - 3 potions of berserk rage
 k - 2 potions of brilliance
 l - a potion of resistance
 m - 2 potions of invisibility
Comestibles
 b - 8 meat rations


   Skills:
 + Level 7.3 Fighting
 + Level 12.1 Dodging
 + Level 10.1 Stealth
 + Level 14.3 Unarmed Combat


You had 6 spell levels left.
You didn't know any spells.

Dungeon Overview and Level Annotations

Branches:
Dungeon (1/1)

Altars:
Ashenzari
Cheibriados
Dithmenos
Elyvilon
Fedhas
Gozag
Hepliaklqana
Kikubaaqudgha
Makhleb
Nemelex Xobeh
Okawaru
Qazlal
Ru
Sif Muna
Trog
Uskayaw
Vehumet
Xom
Yredelemnul
Zin
The Shining One
Beogh
Jiyva
Lugonu


Innate Abilities, Weirdness & Mutations

You cannot wear armour.
You are incapable of wielding weapons or throwing items.
Your paws allow you to move quietly. (Stealth)
You have sharp claws.
You have razor-sharp teeth.
You have supernaturally acute eyesight. (SInv)
You are carnivorous and can eat meat at any time.
You cover ground quickly.
You are covered in thick fur. (AC +2)
You have a slow metabolism.
Your sharp claws are effective at attacking unaware monsters.


Message History

You claw the eye of devastation.
The eye of devastation is almost dead.
You scratch the eye of devastation. You claw the eye of devastation.
You kill the eye of devastation!
Your Dodging skill increases to level 12!
Your Stealth skill increases to level 10!
Your Unarmed Combat skill increases to level 14!
A hell hog comes into view.
There is a large open door here.
A big kobold comes into view. It is wielding a whip.
A spriggan comes into view.
It is wielding a short sword of draining.
The hell hog squeals angrily.
The spriggan moves out of view.
A hell hog and a big kobold come into view.
A hell hog comes into view.
The hell hog squeals angrily.
The hell hog breathes fire at you.
The fireball explodes!
The fireball engulfs you!
Ouch! That really hurt!
You die...

##................#
#####'#####''######
##.......##''#####
##.......##......#
##...†...##......#
##...<...###....##
##.......# ##''##
##.......###....##
##.......##..†..@#
###########......'.K..+
###########......#.hhi#
....#..[[###....###hKH.#
....#..[[# ##''## ##..+
....'..))# ....# ##
....#..))# ......#
....#..))##......#
##################


You could see 3 hell hogs, a manticore (wandering), 2 big kobolds and a spriggan
(wandering).

Vanquished Creatures
  An eye of devastation (D)
  A rime drake (D)
  A freezing wraith (D)
  A redback (D)
  A mottled dragon (D)
  A porcupine (D)
  An ogre (D)
  A wolf (D)
  A centaur (D)
  A gnoll sergeant (D)
  An orc priest (D)
  An iron imp (D)
  Ijyb (D)
  A worker ant (D)
  A mummy (D)
  A gnoll (D)
  An adder (D)
  2 ufetubi (D)
  2 oozes (D)
  An adder skeleton (D)
  An adder zombie (D)
  3 orcs (D)
  A ball python (D)
  A giant cockroach (D)
  A goblin (D)
  A leopard gecko zombie (D)
30 creatures vanquished.

Notes
Turn   | Place    | Note
-------+----------+-------------------------------------------
     0 | D        | equalderp2856 the Felid Fighter began the quest for the Orb.
     0 | D        | Reached XP level 1. HP: 10/10 MP: 2/2
   174 | D        | Reached skill level 5 in Unarmed Combat
   182 | D        | Reached XP level 2. HP: 14/14 MP: 3/3
   213 | D        | Reached skill level 5 in Dodging
   213 | D        | Reached skill level 1 in Stealth
   213 | D        | Reached skill level 6 in Unarmed Combat
   213 | D        | Reached XP level 3. HP: 10/18 MP: 4/4
   217 | D        | Reached skill level 7 in Unarmed Combat
   217 | D        | Reached XP level 4. HP: 9/22 MP: 5/5
   291 | D        | Noticed a wolf
   294 | D        | Noticed an ogre
   295 | D        | Noticed a porcupine
   309 | D        | HP: 1/22 [ufetubus (4)]
   320 | D        | Impaled on a porcupine's spines
   320 | D        | Killed a porcupine
   320 | D        | Reached skill level 5 in Fighting
   320 | D        | Reached skill level 9 in Unarmed Combat
   320 | D        | Reached XP level 5. HP: 1/26 MP: 6/6
   321 | D        | Reached XP level 4. HP: 1/23 MP: 5/5
   342 | D        | Killed a wolf
   342 | D        | Reached skill level 10 in Unarmed Combat
   342 | D        | Reached XP level 5. HP: 19/26 MP: 6/6
   343 | D        | Killed an ogre
   343 | D        | Reached skill level 5 in Stealth
   372 | D        | Noticed Ijyb
   374 | D        | Killed Ijyb
   374 | D        | Reached skill level 11 in Unarmed Combat
   374 | D        | Gained mutation: You are covered in thick fur. (AC +2) [Felid growth]
   374 | D        | Reached XP level 6. HP: 26/31 MP: 7/7
   376 | D        | Noticed a rime drake
   378 | D        | Killed a rime drake
   378 | D        | Reached skill level 10 in Dodging
   378 | D        | Reached skill level 12 in Unarmed Combat
   378 | D        | Reached XP level 7. HP: 29/35 MP: 8/8
   380 | D        | Noticed a redback
   388 | D        | Killed a redback
   521 | D        | Reached skill level 13 in Unarmed Combat
   717 | D        | Found a radiant altar of Vehumet.
   717 | D        | Found a hide-covered altar of Uskayaw.
   717 | D        | Found an ancient bone altar of Kikubaaqudgha.
   717 | D        | Found a viscous altar of Jiyva.
   717 | D        | Found a hazy altar of Hepliaklqana.
   718 | D        | Found a bloodstained altar of Trog.
   718 | D        | Found a deep blue altar of Sif Muna.
   718 | D        | Found a sacrificial altar of Ru.
   718 | D        | Found a stormy altar of Qazlal.
   718 | D        | Found an iron altar of Okawaru.
   718 | D        | Found a sparkling altar of Nemelex Xobeh.
   718 | D        | Found an opulent altar of Gozag.
   718 | D        | Found a blossoming altar of Fedhas.
   718 | D        | Found a white marble altar of Elyvilon.
   718 | D        | Found a shadowy altar of Dithmenos.
   718 | D        | Found a snail-covered altar of Cheibriados.
   719 | D        | Found a glowing golden altar of the Shining One.
   719 | D        | Found a glowing silver altar of Zin.
   720 | D        | Found a burning altar of Makhleb.
   720 | D        | Found a basalt altar of Yredelemnul.
   720 | D        | Found a roughly hewn altar of Beogh.
   721 | D        | Found a corrupted altar of Lugonu.
   721 | D        | Found a shimmering altar of Xom.
   721 | D        | Found a shattered altar of Ashenzari.
   764 | D        | Noticed a freezing wraith
   829 | D        | Killed a freezing wraith
   829 | D        | Reached XP level 8. HP: 19/40 MP: 9/9
  1109 | D        | Noticed a manticore
  1109 | D        | Noticed an eye of devastation
  1112 | D        | Killed from afar by a manticore
  1113 | D        | Reached XP level 7. HP: -1/36 MP: 8/8
  1203 | D        | Killed an eye of devastation
  1203 | D        | Reached skill level 10 in Stealth
  1203 | D        | Reached skill level 14 in Unarmed Combat
  1207 | D        | Noticed a hell hog
  1209 | D        | Noticed a spriggan
  1210 | D        | Noticed a hell hog
  1210 | D        | Noticed a hell hog
  1210 | D        | Killed from afar by a hell hog

Skill      XL: |  1  2  3  4  5  6  7 |
---------------+----------------------+-----
Unarmed Combat | 5 6 7 10 11 12 14 | 14.3
Fighting       | 4 5 6 7 |  7.3
Dodging        | 5 6 8 9 10 12 | 12.1
Stealth        | 1 4 5 7 10 | 10.1

Action                   |  1- 3 |  4- 6 |  7- 9 || total
-------------------------+-------+-------+-------++-------
Melee: Unarmed           |    24 |    25 |    58 ||   107
       Punch             |     1 |     2 |     8 ||    11
       Bite              |     7 |     2 |     8 ||    17
  Use: Potion            |       |     3 |     1 ||     4
 Stab: Sleeping          |     2 |     3 |     1 ||     6
Armor: Skin              |       |     1 |     1 ||     2
Dodge: Dodged            |    22 |    26 |    46 ||    94
